 Dungeon Crawl Stone Soup version 0.30.1-9-gdf580d7c3d (webtiles) character file.

Game seed: 464272116032878923

30 asdfas the Chopper (level 3, 33/33 HPs)
             Began as a Minotaur Berserker on Oct 7, 2023.
             Was a Believer of Trog.
             Quit the game on level 1 of the Dungeon.
             The game lasted 00:08:17 (1434 turns).

asdfas the Chopper (Minotaur Berserker)             Turns: 1434, Time: 00:08:18

Health: 33/33      AC:  3    Str: 23    XL:     3   Next: 3%
Magic:  2/2        EV: 12    Int:  4    God:    Trog [**....]
Gold:   30         SH:  0    Dex:  9    Spells: 2/2 levels left

rFire   . . .        a - +0 hand axe
rCold   . . .        (no shield)
rNeg    . . .        b - +0 animal skin
rPois   .            (helmet restricted)
rElec   .            d - +0 cloak
rCorr   .            (no gloves)
SInv    .            (no boots)
Will    .....        (no amulet)
Stlth   +            (no ring)
HPRegen 0.25/turn    (no ring)
MPRegen 0.08/turn

%: no passive effects
@: confused, ambrosia-drunk
A: horns 2, retaliatory headbutt
a: Renounce Religion, Berserk, Trog's Hand


You were on level 1 of the Dungeon.
You worshipped Trog.
Trog was pleased with you.
You visited 1 branch of the dungeon, and saw 1 of its levels.

You collected 30 gold pieces.

Inventory:

Hand Weapons
 a - a +0 hand axe (weapon)
Armour
 b - a +0 animal skin (worn)
 d - a +0 cloak (worn)
Magical Staves
 e - a staff of poison
Scrolls
 f - a scroll of magic mapping {unknown}
 i - a scroll of enchant weapon {unknown}
 j - a scroll of vulnerability {unknown}


   Skills:
 + Level 4.2 Fighting
 + Level 4.3 Axes
 + Level 2.6 Armour
 + Level 2.4 Dodging


You had 2 spell levels left.
You didn't know any spells.
Your spell library was empty.

Dungeon Overview and Level Annotations

Branches:
Dungeon (1/15)

Altars:


Innate Abilities, Weirdness & Mutations

You have a pair of horns on your head.
You reflexively headbutt those who attack you in melee.


Message History

There is an open door here.
There is an open door here.
You open the door.
There is an open door here.
There is an open door here.
There is a stone staircase leading down here.
You open the door.
There is an open door here.
There is an open door here.
A rat comes into view.
A rat is nearby!
The rat misses you.
You hit the rat.
The rat is moderately wounded.
The rat misses you.
You hit the rat.
You kill the rat!
Trog accepts your kill.
No target in view!
Okay, then.
Okay, then.
Save game and exit? [Y]es or [N]o only, please.
Save game and exit?
Welcome back, asdfas the Minotaur Berserker.
Trog says: Kill them all!
Press ? for a list of commands and other information.
Save game and exit?
Welcome back, asdfas the Minotaur Berserker.
Trog says: Kill them all!
Press ? for a list of commands and other information.
Unknown command.
Unknown command.
Unknown command.
It was a potion of curing.
You feel better.
It was a potion of cancellation.
You feel magically purged.
It was a potion of ambrosia.
You are confused.
You feel invigorated.
Are you sure you want to abandon this character and quit the game? (Confirm with "yes".)

#....#..########.#.##.........#
...............#.#.##########.#
#########......#.#......[..##.#
........'......#.#.........##.#
..#######......#.#.........##.###
..#######......#.#.........+.....
..+............#.#.........##.###
..######+#+#'###.#.##'#...#......
.............# #@#.##.#.#......##
...###......)# #†#..#.#.#...#..#.
.)...#.......# #.##.#.#.....#..#.
.#.#.#.......# #.##.#+###+#.#..#.
.#.#.#.......# #.##.†............
.#.#.#.#'#'#.# #.##.†.......##.#.
.#.#.#.#.#.#.# #.##.........##.#.
.#...#.#.#.#.# #.##.........##.#.
.........#.#.# #..............


There were no monsters in sight!

Vanquished Creatures
  6 endoplasms (D:1)
  3 giant cockroaches (D:1)
  A goblin (D:1)
  A hobgoblin (D:1)
  3 jackals (D:1)
  3 ball pythons (D:1)
  3 bats (D:1)
  A frilled lizard (D:1)
  2 kobolds (D:1)
  4 rats (D:1)
27 creatures vanquished.

Notes
Turn   | Place    | Note
-------+----------+-------------------------------------------
     0 | D:1      | asdfas the Minotaur Berserker began the quest for the Orb.
     0 | D:1      | Reached XP level 1. HP: 19/19 MP: 0/0
   369 | D:1      | Reached XP level 2. HP: 26/27 MP: 1/1
  1257 | D:1      | Reached ** piety under Trog
  1258 | D:1      | Reached XP level 3. HP: 33/33 MP: 2/2
  1434 | D:1      | Quit the game

Illustrated notes

Levels and vault maps discovered:
D:1:      minmay_arrival_three_doors, layout_basic

Skill      XL: |  1  2 |
---------------+-------+-----
Axes           | 4 |  4.3
Fighting       | 4 |  4.2
Armour         | |  2.6
Dodging        | |  2.4

Action                     || total
---------------------------++-------
  Melee: Hand axe          ||    47
         Headbutt          ||     7
    Use: Potion            ||     3
 Armour: Animal skin       ||    12
  Dodge: Dodged            ||    42
